 Dungeon Crawl Stone Soup version 0.24.1-4-ge52af88ad5 (webtiles) character file.

Game seed: 13500857120276961722, levelgen mode: deterministic

4583 Curus the Spear-Bearer (level 10, -13/70 HPs)
             Began as a Demonspawn Berserker on Apr 20, 2020.
             Was an Elder of Trog.
             Mangled by Harold
             ... wielding a +0 battleaxe
              (22 damage)
             ... on level 10 of the Dungeon.
             The game lasted 00:47:33 (9810 turns).

Curus the Spear-Bearer (Demonspawn Berserker)       Turns: 9810, Time: 00:47:34

Health: -13/70     AC: 10    Str: 22    XL:     10   Next: 18%
Magic:  10/10      EV: 12    Int: 13    God:    Trog [****..]
Gold:   670        SH:  8    Dex: 22    Spells: 9/9 levels left

rFire    . . .     SeeInvis +   w - +0 trident
rCold    + . .     Gourm    .   z - +1 buckler
rNeg     . . .     Faith    .   H - +0 troll leather armour
rPois    +         Spirit   .   f - +1 helmet
rElec    +         Reflect  +   (no cloak)
rCorr    +         Harm     .   x - +1 pair of gloves of Cocvaot {rCorr Int+4 Dex+2}
MR       ++...                  (no boots)
Stlth    +.........             h - +3 amulet of reflection
HPRegen  1.61/turn              t - ring of the Enemy {rElec rPois Dex+4}
MPRegen  0.12/turn              E - ring of see invisible

@: mighty, about to teleport, regenerating
A: hooves 2, iridescent scales 1, cold resistance 1, powered by pain 2
a: Berserk, Trog's Hand, Brothers in Arms, Renounce Religion


You were on level 10 of the Dungeon.
You worshipped Trog.
Trog was greatly pleased with you.
You were not hungry.

You visited 1 branch of the dungeon, and saw 10 of its levels.

You collected 670 gold pieces.

Inventory:

Hand Weapons
 a - a +0 spear
 w - a +0 trident (weapon)
Armour
 b - a +1 animal skin
 d - a +0 robe of magic resistance
 f - a +1 helmet (worn)
 j - a +0 chain mail
 l - a +0 ring mail
 u - a +0 leather armour
 v - a +0 pair of gloves
 x - the +1 pair of gloves of Cocvaot (worn) {rCorr Int+4 Dex+2}
   (You found it on level 5 of the Dungeon)

   It affects your intelligence (+4).
   It affects your dexterity (+2).
   It provides partial protection from all sources of acid and corrosion.
 z - a +1 buckler (worn)
 H - a +0 troll leather armour (worn)
Jewellery
 h - a +3 amulet of reflection (around neck)
 k - an uncursed amulet of the gourmand
 t - the ring of the Enemy (left hand) {rElec rPois Dex+4}
   (You found it on level 6 of the Dungeon)

   [ring of poison resistance]

   It affects your dexterity (+4).
   It insulates you from electricity.
   It protects you from poison.
 D - an uncursed amulet of regeneration
 E - a ring of see invisible (right hand)
 F - an uncursed amulet of guardian spirit
 G - the ring "Gub Upuihoqi" {MR+ Slay-3}
   (You found it on level 8 of the Dungeon)

   [ring of slaying]

   It affects your accuracy and damage with ranged weapons and melee attacks
   (-3).
   It affects your resistance to hostile enchantments.
Wands
 i - a wand of paralysis (8)
 n - a wand of iceblast (11)
 r - a wand of flame (42)
 y - a wand of polymorph (7)
Scrolls
 g - 5 scrolls of identify
 q - 2 scrolls of fear
 s - 2 scrolls of teleportation
 C - a scroll of remove curse
Potions
 e - a potion of brilliance
 m - 3 potions of might
 o - a potion of heal wounds
 p - a potion of agility
 A - 4 potions of curing
 B - a potion of flight
Comestibles
 c - 20 rations
 I - 5 chunks of flesh


   Skills:
 - Level 3.0 Fighting
 + Level 13.4 Polearms
 - Level 1.7 Armour
 - Level 1.7 Dodging


You had 9 spell levels left.
You didn't know any spells.
Your spell library was empty.

Dungeon Overview and Level Annotations

Branches:
Dungeon (10/15)            Temple (0/1) D:7             Orc (0/2) D:9
   Lair: D:8-11

Altars:
Cheibriados
Dithmenos
Elyvilon
Fedhas
Gozag
Hepliaklqana
Kikubaaqudgha
Makhleb
Okawaru
Qazlal
Ru
Sif Muna
Trog
Vehumet
Xom

Shops:
D:2 *

Annotations:
D:10 Harold, Snorg


Innate Abilities, Weirdness & Mutations

You have hoof-like feet.
You are partially covered in iridescent scales. (AC +2)
Your flesh is cold resistant. (rC+)
You sometimes gain power by taking damage.


Message History

You hit Harold but do no damage.
Harold is heavily wounded.
You are engulfed in blazing flames.
Harold barely misses you.
Your skin crawls.
You feel resistant to hostile enchantments.
You feel somewhat more hungry. Trog will no longer gift you weapons.
You are engulfed in blazing flames.
You focus on the pain.
You feel very mighty all of a sudden.
As you read the scroll of teleportation, it crumbles to dust.
You feel strangely unstable.
You are engulfed in blazing flames.
* * * LOW HITPOINT WARNING * * *
Harold closely misses you.
A jackal comes into view.
You hit Harold. You kick Harold!
Harold is heavily wounded.
You are engulfed in blazing flames.
* * * LOW HITPOINT WARNING * * *
Harold hits you with a +0 battleaxe!!
You die...

T....@# YY...# .....#
#. .....#... #......
#.... #..###.#.
###########($......
#(ยงยงยงยง@@YYYT.......
#.#########h....... #.#
##....... #.# .......
#.# ....... #.# .......
#[# ....... #.# .###
#.#


You could see Snorg, Harold, 3 yaks and a jackal.

Vanquished Creatures
  The ghost of icedog the Quickloader, a novice HOHu of Makhleb (D:7)
  Pikel (D:9)
  The ghost of Descartes the Magician, a novice DEAE of Dithmenos (D:3)
  A troll (D:10)
  A yak (D:10)
  A spriggan (D:7)
  2 ice beasts
  5 orc warriors (D:9)
  A necrophage (D:6)
  2 ogres
  2 centaurs (D:5)
  2 bullfrogs
  A big kobold (D:8)
  A wyvern skeleton (D:9)
  A scorpion (D:6)
  2 electric eels (D:9)
  A howler monkey (D:5)
  A crimson imp (D:8)
  A bullfrog zombie (D:3)
  A quasit (D:10)
  5 orc priests
  7 hounds
  4 orc wizards
  4 bullfrog skeletons
  Jessica (D:2)
  An iguana (D:9)
  4 worker ants
  A hound skeleton (D:6)
  Robin (D:2)
  9 adders
  11 gnolls
  2 shadow imps (D:5)
  2 adder skeletons
  4 worms
  6 dart slugs
  6 leopard geckos
  23 orcs
  A ball python (D:1)
  7 giant cockroaches
  21 goblins
  12 hobgoblins
  9 jackals
  11 kobolds
  6 quokkas
  6 bats
  5 frilled lizards
  A jackal skeleton (D:3)
  A jackal zombie (D:3)
  A quokka zombie (D:5)
  10 rats
211 creatures vanquished.

Vanquished Creatures (others)
  2 slaves (D:9)
  An orc wizard (D:9)
  An orc (D:9)
  A quokka (D:9)
5 creatures vanquished.

Grand Total: 216 creatures vanquished

Notes
Turn   | Place    | Note
-------+----------+-------------------------------------------
     0 | D:1      | Curus the Demonspawn Berserker began the quest for the Orb.
     0 | D:1      | Reached XP level 1. HP: 18/18 MP: 1/1
    15 | D:1      | Noticed a minotaur skeleton
    74 | D:1      | Reached skill level 3 in Polearms
   105 | D:1      | Gained mutation: You sometimes gain a little power by
                  | taking damage. [demonic ancestry]
   105 | D:1      | Reached XP level 2. HP: 13/24 MP: 2/2
   341 | D:1      | Reached ** piety under Trog
   396 | D:1      | Reached XP level 3. HP: 17/29 MP: 3/3
   601 | D:1      | Reached skill level 4 in Polearms
   959 | D:2      | Noticed Jessica
   972 | D:2      | Killed Jessica
   972 | D:2      | Reached XP level 4. HP: 35/35 MP: 4/4
  1001 | D:2      | Found a shimmering blue altar of Sif Muna.
  1043 | D:2      | Found an opulent altar of Gozag.
  1048 | D:2      | Found Gozag's Platinum Reserve.
  1070 | D:2      | Noticed Robin
  1094 | D:2      | Killed Robin
  1374 | D:2      | Reached skill level 5 in Polearms
  1483 | D:2      | Found a shadowy altar of Dithmenos.
  1630 | D:2      | Gained mutation: You have large cloven feet. [demonic
                  | ancestry]
  1630 | D:2      | Reached XP level 5. HP: 27/41 MP: 5/5
  1992 | D:2      | Reached *** piety under Trog
  2467 | D:2      | Found a sacrificial altar of Ru.
  2629 | D:3      | Found a white marble altar of Elyvilon.
  2636 | D:3      | Found a radiant altar of Vehumet.
  2638 | D:3      | Found a shimmering altar of Xom.
  2638 | D:3      | Found an iron altar of Okawaru.
  2802 | D:3      | Reached skill level 6 in Polearms
  3005 | D:3      | Reached XP level 6. HP: 23/47 MP: 6/6
  3123 | D:3      | Found a runed translucent gate.
  3123 | D:3      | Found a runed translucent gate.
  3123 | D:3      | Found a runed translucent gate.
  3125 | D:3      | Noticed Descartes's ghost (novice DEAE)
  3212 | D:3      | Found a blossoming altar of Fedhas.
  3412 | D:3      | Killed Descartes's ghost
  3412 | D:3      | Reached skill level 7 in Polearms
  3412 | D:3      | Gained mutation: You have hoof-like feet. [demonic
                  | ancestry]
  3412 | D:3      | Reached XP level 7. HP: 34/52 MP: 7/7
  3605 | D:4      | Reached skill level 8 in Polearms
  3655 | D:4      | Reached **** piety under Trog
  4777 | D:5      | Entered Level 5 of the Dungeon
  4806 | D:5      | Reached skill level 9 in Polearms
  4806 | D:5      | Gained mutation: You are partially covered in iridescent
                  | scales. (AC +2) [demonic ancestry]
  4806 | D:5      | Reached XP level 8. HP: 23/58 MP: 8/8
  5090 | D:5      | Found an ancient bone altar of Kikubaaqudgha.
  5128 | D:5      | Got a pair of faintly humming gloves
  5139 | D:5      | Identified the +1 pair of gloves of Cocvaot {rCorr Int+4
                  | Dex+2} (You found it on level 5 of the Dungeon)
  5689 | D:5      | Found a hazy altar of Hepliaklqana.
  6032 | D:6      | Got a scorched ivory ring
  6033 | D:6      | Identified the ring of the Enemy {rElec rPois Dex+4} (You
                  | found it on level 6 of the Dungeon)
  6177 | D:6      | Found a stormy altar of Qazlal.
  6289 | D:6      | Reached skill level 10 in Polearms
  6491 | D:6      | Found a burning altar of Makhleb.
  6692 | D:7      | Found a staircase to the Ecumenical Temple.
  6699 | D:7      | Found a runed translucent door.
  6700 | D:7      | Noticed icedog's ghost (novice HOHu)
  7313 | D:7      | Killed icedog's ghost
  7313 | D:7      | Reached skill level 11 in Polearms
  7313 | D:7      | Gained mutation: You sometimes gain power by taking damage.
                  | [demonic ancestry]
  7313 | D:7      | Reached XP level 9. HP: 45/63 MP: 9/9
  7636 | D:8      | Got a translucent platinum ring
  7638 | D:8      | Identified the cursed ring "Gub Upuihoqi" {MR+ Slay-3} (You
                  | found it on level 8 of the Dungeon)
  7768 | D:8      | Found a bloodstained altar of Trog.
  8056 | D:8      | Found a snail-covered altar of Cheibriados.
  8253 | D:9      | Noticed Pikel
  8283 | D:9      | Killed Pikel
  8283 | D:9      | Reached skill level 12 in Polearms
  9021 | D:9      | Reached skill level 13 in Polearms
  9098 | D:9      | Reached ***** piety under Trog
  9114 | D:9      | Gained mutation: Your flesh is cold resistant. (rC+)
                  | [demonic ancestry]
  9114 | D:9      | Reached XP level 10. HP: 10/70 MP: 10/10
  9431 | D:9      | Found a staircase to the Orcish Mines.
  9477 | D:10     | Entered Level 10 of the Dungeon
  9776 | D:10     | Noticed Harold
  9776 | D:10     | Noticed Snorg
  9810 | D:10     | Mangled by Harold

Levels and vault maps discovered:
D:1:      shiori_arrival_whats_in_store_for_you, layout_basic
D:2:      layout_loops_corners, nicolae_gozag_zags_fifth_avenue,
          lemuel_blue_sif_altar, nicolae_ru_the_path_less_chosen,
          nicolae_overflow_crystal_walls, uniq_jessica, uniq_robin
D:3:      layout_loops_ring, minitemple, gammafunk_ghost_necromancy,
          fedhas_altar_fruit_tree
D:4:      layout_basic, first_ration
D:5:      layout_gridville, old_standard_altar, marbit_many_paths,
          abandoned_shop
D:6:      layout_rooms, makhleb_blood_cavern_becter,
          nicolae_qazlal_eye_of_the_storm, kennysheep_generic_room_16
D:7:      layout_gridville, minmay_temple_entry_hall,
          ebering_ghost_reflecting_pool, the_bakery, grunt_ministairs_14
D:8:      layout_loops_corners, slow_altar_1, bloody_trog
D:9:      layout_cave_pools, erik_orc_2, uniq_pikel
D:10:     layout_loops_ring, david_lair_generic, uniq_snorg, uniq_harold,
          uniq_fannar

Skill      XL: |  1  2  3  4  5  6  7  8  9 |
---------------+----------------------------+-----
Polearms       | 3 4 5 6 7 9 11 13 | 13.4
Fighting       | |  3.0
Armour         | |  1.7
Dodging        | |  1.7

Action                   |  1- 3 |  4- 6 |  7- 9 | 10-12 || total
-------------------------+-------+-------+-------+-------++-------
Melee: Spear             |   112 |   364 |   205 |       ||   681
       Kick              |       |    58 |   165 |    23 ||   246
       Trident           |       |       |   263 |    68 ||   331
Invok: Berserk           |       |     3 |     6 |       ||     9
       Trog's Hand       |       |     1 |     1 |     1 ||     3
Evoke: Wand              |       |       |     5 |     2 ||     7
  Use: Potion            |     5 |     4 |     2 |       ||    11
       Scroll            |     2 |     3 |    11 |     1 ||    17
 Stab: Sleeping          |     2 |       |     1 |       ||     3
       Distracted        |       |       |     1 |       ||     1
  Eat: Chunk             |       |    10 |    15 |     3 ||    28
       Ration            |       |       |     3 |       ||     3
Armor: Animal skin       |    13 |       |       |       ||    13
       Robe              |       |    23 |       |       ||    23
       Ring mail         |       |    39 |    19 |       ||    58
       Chain mail        |       |    14 |       |       ||    14
       Leather armour    |       |       |    45 |     2 ||    47
       Troll leather arm |       |       |       |    12 ||    12
Dodge: Dodged            |    64 |   167 |   120 |    19 ||   370
Block: Other             |       |    21 |     8 |       ||    29
       Buckler           |       |       |    69 |    15 ||    84
       Reflection        |       |       |     2 |       ||     2
